 Dungeon Crawl Stone Soup version 0.27.1-3-gb3d3a73c9e (webtiles) character file.

Game seed: 16961480600436879657

1006 barney the Transmogrifier (level 8, -1/59 HPs)
             Began as a Black Draconian Transmuter on Oct 5, 2021.
             Was an Initiate of the Shining One.
             Splashed by a jelly's acid (4 damage)
             ... on level 6 of the Dungeon.
             The game lasted 00:06:42 (7305 turns).

barney the Transmogrifier (DrTm)                    Turns: 7305, Time: 00:06:42

Health: -1/59      AC: -14   Str: 12    XL:     8   Next: 0%
Magic:  7/11       EV: 19    Int: 16    God:    the Shining One [......]
Gold:   111        SH:  0    Dex: 23    Spells: 5/11 levels left

rFire    . . .     SeeInvis .     - Unarmed
rCold    . . .     Faith    .   (shield currently unavailable)
rNeg     . . .     Spirit   .   (armour unavailable)
rPois    x         Reflect  .   (helmet currently unavailable)
rElec    .         Harm     .   (cloak currently unavailable)
rCorr    .         Rampage  .   (gloves currently unavailable)
Will     .....                  (boots currently unavailable)
Stlth    +.........             j - amulet of the acrobat
HPRegen  0.19/turn              i - +6 ring of dexterity
MPRegen  0.12/turn              (no ring)

@: spider-form (expiring), wereblooded (expiring), corroded, glowing
A: venomous fangs, (breathe lightning), AC +6, tiny, unfitting armour,
(electricity resistance), (cold-blooded)
a: End Transformation, Renounce Religion


You were on level 6 of the Dungeon.
You worshipped the Shining One.
The Shining One was noncommittal.
You were a venomous arachnid creature.
You visited 2 branches of the dungeon, and saw 7 of its levels.

You collected 176 gold pieces.
You spent 65 gold pieces at shops.

Inventory:

Hand Weapons
 b - a +1 scythe of venom (melded)
 o - a +0 war axe
 u - a -1 demon whip
Armour
 s - a +1 pair of gloves (melded)
Jewellery
 d - an amulet of guardian spirit
 h - a ring of fire
 i - a +6 ring of dexterity (left front leg)
 j - an amulet of the acrobat (around neck)
 p - a ring of fire
Wands
 r - a wand of flame (22)
 t - a wand of mindburst (10)
Scrolls
 c - a scroll of enchant armour {unknown}
 e - 2 scrolls of fear
 g - a scroll of amnesia {unknown}
 k - 4 scrolls of identify
 l - a scroll of magic mapping {unknown}
Potions
 a - a potion of lignification {unknown}
 f - 2 potions of attraction
 n - 2 potions of brilliance {unknown}
 q - a potion of flight {unknown}


   Skills:
 - Level 1.1 Fighting
 - Level 1.7 Dodging
 - Level 3.0 Unarmed Combat
 - Level 2.0 Spellcasting
 + Level 9.5 Transmutations


You had 5 spell levels left.
You knew the following spells:

 Your Spells              Type           Power      Damage    Failure   Level
a - Beastly Appendage     Tmut           64%        N/A       3%          1
b - Spider Form           Tmut/Pois      8%         N/A       22%         3
c - Wereblood             Tmut           32%        N/A       4%          2

Your spell library contained the following spells:

 Spells                   Type           Power      Damage    Failure   Level
 Ignite Poison            Fire/Tmut/Pois 11%        N/A       36%         3
 Ice Form                 Ice/Tmut       16%        N/A       50%         4
 Conjure Flame            Conj/Fire      1%         6-21      73%         3
 Sticky Flame             Conj/Fire      1%         2d3       97%         4


Dungeon Overview and Level Annotations

Branches:
Dungeon (6/15)             Temple (1/1) D:4

Altars:
Ashenzari
Cheibriados
Dithmenos
Fedhas
Gozag
Hepliaklqana
Kikubaaqudgha
Makhleb
Nemelex Xobeh
Okawaru
Qazlal
Sif Muna
Trog
Uskayaw
Vehumet
Wu Jian
Yredelemnul
Zin
The Shining One

Shops:
D:1 =   D:4 *


Innate Abilities, Weirdness & Mutations

You are a venomous arachnid creature.
You have poisonous fangs.
You are tiny and dextrous.
Your spellcasting is less reliable in this form.
Your armour is entirely melded.
You are incapable of wielding weapons or throwing items.
((You can breathe wild blasts of lightning.))
((Your glossy black scales are hard. (AC +6)))
You cannot fit into any form of body armour.
((You are resistant to electric shocks. (rElec)))
((You are cold-blooded and may be slowed by cold attacks.))


Message History

You have reached level 8!
You feel clever.
You hit the jelly but do no damage.
The jelly is poisoned.
The acid corrodes you!
Your front legs burn!
The jelly hits you.
You are splashed with acid!
You hit the jelly. The acid corrodes you!
Your front legs burn!
The jelly is moderately wounded.
You hiss as the wereblood boils in your veins!
The jelly misses you.
You hit the jelly but do no damage.
Your front legs burn!
The jelly is moderately wounded.
Your transformation is almost over.
The jelly barely misses you.
You hit the jelly but do no damage.
The jelly looks even sicker.
The acid corrodes you!
Your front legs burn!
The jelly is moderately wounded.
The jelly barely misses you.
You hit the jelly but do no damage.
Your front legs burn!
The jelly is moderately wounded.
You hiss as the wereblood boils in your veins!
The jelly hits you. The acid corrodes you!
You are splashed with acid.
* * * LOW HITPOINT WARNING * * *
You hit the jelly.
Your front legs burn!
* * * LOW HITPOINT WARNING * * *
The jelly is severely wounded.
The jelly closely misses you.
Okay, then.
You hit the jelly.
Your front legs burn!
* * * LOW HITPOINT WARNING * * *
The jelly is almost dead.
The jelly barely misses you.
You hit the jelly but do no damage.
Your front legs burn!
* * * LOW HITPOINT WARNING * * *
The jelly is almost dead.
Your primal bloodlust is almost over.
The jelly jiggles.
The jelly misses you.
You hit the jelly but do no damage.
The jelly looks as sick as possible!
Your front legs burn!
You die...

#......# #.....## .......
#....## ....... #....#
....... .....# .......
.....###### ..h....
....#.....# .......
....#.....#########.....#.
................sJ........
..........###############.
....#.....# ..........#
..###.....# .## #...### ##
#...# #...# #...#


You could see a jelly (extremely poisoned).

Vanquished Creatures
  Sigmund (D:5)
  A black bear (D:6)
  An ogre (D:5)
  2 necrophages (D:5)
  2 scorpions (D:5)
  2 hounds (D:6)
  An orc priest (D:5)
  An iguana (D:6)
  An orc wizard (D:5)
  A hound skeleton (D:3)
  11 adders
  2 shadow imps (D:5)
  2 adder skeletons
  A dart slug (D:3)
  6 orcs
  11 bats
  3 endoplasms
  7 giant cockroaches
  7 goblins
  7 hobgoblins
  4 jackals
  10 kobolds
  A quokka (D:2)
  7 ball pythons
  9 frilled lizards
  7 rats
108 creatures vanquished.

Notes
Turn   | Place    | Note
-------+----------+-------------------------------------------
     0 | D:1      | barney the Draconian Transmuter began the quest for the
                  | Orb.
     0 | D:1      | Reached XP level 1. HP: 16/16 MP: 3/3
   186 | D:1      | Reached XP level 2. HP: 23/23 MP: 3/5
   345 | D:1      | Found Kazeok's Jewellery Shoppe.
   519 | D:1      | Reached skill level 3 in Transmutations
  1650 | D:1      | Found a faded altar of an unknown god.
  1769 | D:2      | Reached XP level 3. HP: 23/28 MP: 4/6
  1776 | D:2      | Learned a level 3 spell: Spider Form
  1779 | D:2      | Learned a level 2 spell: Wereblood
  2357 | D:2      | Reached skill level 4 in Transmutations
  2847 | D:3      | Found a shadowy altar of Dithmenos.
  2869 | D:3      | Reached XP level 4. HP: 23/35 MP: 7/7
  3740 | D:3      | Found a blossoming altar of Fedhas.
  3846 | D:3      | Reached skill level 5 in Transmutations
  3908 | D:3      | Reached XP level 5. HP: 32/40 MP: 1/8
  4277 | D:4      | Found a staircase to the Ecumenical Temple.
  4313 | Temple   | Entered the Ecumenical Temple
  4417 | Temple   | Became a worshipper of the Shining One
  5012 | D:4      | Found Vopresm's Lightly-Used Armoury.
  5020 | D:4      | Bought a -2 demon whip for 65 gold pieces
  5158 | D:4      | Found a sparkling altar of Nemelex Xobeh.
  5159 | D:4      | Found a snail-covered altar of Cheibriados.
  5160 | D:4      | Found a glowing silver altar of Zin.
  5170 | D:4      | Found a hazy altar of Hepliaklqana.
  5238 | D:5      | Entered Level 5 of the Dungeon
  5240 | D:5      | Noticed a necrophage
  5248 | D:5      | Killed a necrophage
  5249 | D:5      | Reached skill level 6 in Transmutations
  5359 | D:5      | Noticed an ogre
  5372 | D:5      | Killed an ogre
  5373 | D:5      | Reached XP level 6. HP: 35/47 MP: 6/9
  5753 | D:5      | Reached skill level 7 in Transmutations
  5758 | D:5      | Noticed Sigmund
  5770 | D:5      | Killed Sigmund
  5771 | D:5      | Reached skill level 8 in Transmutations
  5771 | D:5      | Your scales start taking on a glossy black colour.
  5771 | D:5      | Reached XP level 7. HP: 26/52 MP: 7/10
  5771 | D:5      | Gained mutation: You are resistant to electric shocks.
                  | (rElec) [Black Draconian growth]
  6893 | D:6      | Reached skill level 9 in Transmutations
  7297 | D:6      | Reached XP level 8. HP: 52/59 MP: 6/11
  7305 | D:6      | Splashed by a jelly's acid

Illustrated notes

Levels and vault maps discovered:
D:1:      nicolae_arrival_memento_mori, layout_loops_corners, serial_shops,
          nicolae_shop_behind_doors, shapermc_ecumenical_altar_hornbeckon
D:2:      layout_loops_ring, kennysheep_generic_room_5
D:3:      layout_loops_cross, lemuel_coloured_pillars_altar,
          grunt_dithmenos_smoke, gup_sewer_entry_glass, minmay_diced_spiral
D:4:      layout_rooms, mainiacjoe_overflow_alcove_3,
          minmay_temple_entry_arrows, minmay_shop_damaged, skrybe_limestone_x,
          kennysheep_minor_cross
D:5:      layout_basic, sigmund_army
D:6:      layout_rooms, gammafunk_ghost_nasty_kobolds,
          hangedman_abyss_or_decor_lesser_grid
Temple:   dshaligram_water_room_temple

Skill      XL: |  1  2  3  4  5  6  7 |
---------------+----------------------+-----
Transmutations | 3 4 5 6 8 9 |  9.5
Fighting       | |  1.1
Dodging        | |  1.7
Unarmed Combat | |  3.0
Spellcasting   | |  2.0

Action                   |  1- 3 |  4- 6 |  7- 9 || total
-------------------------+-------+-------+-------++-------
Melee: Unarmed           |   126 |    78 |    54 ||   258
       Kick              |    22 |     6 |     3 ||    31
       Headbutt          |     7 |     6 |     1 ||    14
       Tailslap          |     3 |     9 |       ||    12
       War axe           |       |    39 |       ||    39
       Punch             |       |     1 |       ||     1
       Scythe            |       |       |    11 ||    11
 Cast: Beastly Appendage |    29 |    11 |     3 ||    43
       Spider Form       |     4 |    10 |     6 ||    20
       Wereblood         |       |     1 |     2 ||     3
 Abil: Breathe Lightning |       |       |     1 ||     1
  Use: Potion            |       |     6 |       ||     6
       Scroll            |       |     3 |     4 ||     7
 Stab: Sleeping          |       |     2 |       ||     2
Armor: Skin              |    57 |    19 |     9 ||    85
Dodge: Dodged            |   107 |   103 |    65 ||   275
